 Dungeon Crawl Stone Soup version 0.27-a0-1200-g94dc6ad4cf (webtiles) character file.

Game seed: 14613635693760126684

95 Eryximachus the Gusty (level 4, -2/24 HPs)
             Began as a Tengu Air Elementalist on June 1, 2021.
             Killed from afar by Ijyb (7 damage)
             ... with a puff of flame
             ... on level 2 of the Dungeon.
             The game lasted 00:03:35 (4073 turns).

Eryximachus the Gusty (Tengu Air Elementalist)      Turns: 4073, Time: 00:03:35

Health: -2/24      AC:  2    Str:  8    XL:     4   Next: 65%
Magic:  1/8        EV: 13    Int: 16    God:
Gold:   112        SH:  0    Dex: 15    Spells: 4/7 levels left

rFire    . . .     SeeInvis .   (no weapon)
rCold    . . .     Faith    .   (no shield)
rNeg     . . .     Spirit   .   a - +0 robe
rPois    .         Reflect  .   (helmet restricted)
rElec    .         Harm     .   (no cloak)
rCorr    .         Rampage  .   (no gloves)
Will     .....                  (boots unavailable)
Stlth    ++........             (no amulet)
HPRegen  0.08/turn              (no ring)
MPRegen  0.11/turn              (no ring)

@: no status effects
A: beak, talons 3
a: no special abilities


You were on level 2 of the Dungeon.
You visited 1 branch of the dungeon, and saw 3 of its levels.

You collected 112 gold pieces.

Inventory:

Missiles
 d - 8 poisoned darts (quivered)
Armour
 a - a +0 robe (worn)
Jewellery
 h - a +4 ring of evasion
Potions
 b - a potion of cancellation
 c - a potion of lignification {unknown}
 e - a potion of ambrosia
 f - a potion of magic {unknown}
 i - a potion of heal wounds
 j - a potion of mutation {unknown}


   Skills:
 - Level 3.0 Dodging
 - Level 2.0 Stealth
 - Level 2.0 Spellcasting
 - Level 2.0 Conjurations
 * Level 6.3 Air Magic


You had 4 spell levels left.
You knew the following spells:

 Your Spells              Type           Power      Damage    Failure   Level
a - Shock                 Conj/Air       56%        1d6       3%          1
b - Static Discharge      Conj/Air       14%        N/A       5%          2

Your spell library contained the following spells:

 Spells                   Type           Power      Damage    Failure   Level
 Swiftness                Air            21%        N/A       4%          3
 Airstrike                Air            10%        N/A       16%         4
 Lightning Bolt           Conj/Air       7%         1d19      71%         5


Dungeon Overview and Level Annotations

Branches:
Dungeon (3/15)

Altars:

Shops:
D:1 (

Annotations:
D:2 Ijyb, Sigmund


Innate Abilities, Weirdness & Mutations

You have a beak for a mouth.
You have claws for feet.


Message History

Ijyb is nearby!
Ijyb is nearby!
Ijyb shouts!
Ijyb closely misses you.
Casting: Static Discharge (safe; 5% risk of failure)
Confirm with . or Enter, or press ? or * to list all spells.
Ijyb is struck by an arc of lightning.
Ijyb is lightly wounded.
The lightning grounds out.
Ijyb zaps a wand.
The puff of flame hits you.
Casting: Static Discharge (safe; 5% risk of failure)
Confirm with . or Enter, or press ? or * to list all spells.
Ijyb is struck by an arc of lightning.
Ijyb is moderately wounded.
You are struck by an arc of lightning.
The lightning grounds out.
Ijyb closely misses you.
Casting: Static Discharge (safe; 5% risk of failure)
Confirm with . or Enter, or press ? or * to list all spells.
Ijyb is struck by an arc of lightning!
Ijyb is severely wounded.
You are struck by an arc of lightning.
The lightning grounds out.
Ijyb misses you.
Casting: Static Discharge (safe; 5% risk of failure)
Confirm with . or Enter, or press ? or * to list all spells.
You miscast Static Discharge.
You are very lightly contaminated with residual magic.
Nothing appears to happen.
Ijyb drinks a potion.
Ijyb is healed!
There is a stone staircase leading up here.
Ijyb closely misses you.
You climb upwards.
Level annotation: Sigmund
There is a stone staircase leading down here.
Ijyb hits you but does no damage.
Your magical contamination has completely faded away.
Ijyb zaps a wand.
The puff of flame hits you.
Ijyb zaps a wand.
The puff of flame hits you!
* * * LOW HITPOINT WARNING * * *
As you read the scroll labelled UKUKLI NYARGH, it crumbles to dust.
You feel aware of your surroundings.
It was a scroll of magic mapping.
Ijyb zaps a wand.
The puff of flame hits you!
You die...

#..##########################
#............................
#.##########################.
#.#.......................##.
#.#.#####################.##.
#.#.# #.##.
#####.#.#####################.##.
..................g....>...##.##†
.####.#.########@#####.....##.##.
.# #.#.# #.#..........#.##. .#
#.#.# #.##............#. .# #.#.#
#.#####......####. .# #.#.# #.#
######.# #. .####.#.# #.# #.# #.
....#.#.###### #.# #######.## #.
....#.#......# #.# #........# #.
....#.######.# #.# #........# #.


You could see Ijyb.

Vanquished Creatures
  Jessica (D:2)
  3 adders
  3 dart slugs
  3 ball pythons
  5 endoplasms
  A giant cockroach (D:2)
  A goblin (D:1)
  3 hobgoblins
  4 jackals (D:1)
  3 kobolds (D:1)
  A quokka (D:1)
  3 bats
  A frilled lizard (D:2)
  2 rats (D:2)
34 creatures vanquished.

Notes
Turn   | Place    | Note
-------+----------+-------------------------------------------
     0 | D:1      | Eryximachus the Tengu Air Elementalist began the quest for
                  | the Orb.
     0 | D:1      | Reached XP level 1. HP: 10/10 MP: 4/4
   156 | D:1      | Reached XP level 2. HP: 13/15 MP: 1/6
   159 | D:1      | Learned a level 2 spell: Static Discharge
   508 | D:1      | Found a faded altar of an unknown god.
   815 | D:1      | Found Beiv's Weapon Shop.
  1093 | D:1      | Reached XP level 3. HP: 14/19 MP: 0/7
  1778 | D:2      | Reached skill level 5 in Air Magic
  2102 | D:2      | Noticed Sigmund
  2524 | D:2      | Noticed Jessica
  2539 | D:2      | Killed Jessica
  2540 | D:2      | Reached XP level 4. HP: 7/24 MP: 1/8
  2986 | D:2      | Reached skill level 6 in Air Magic
  3404 | D:3      | Noticed Ijyb
  4073 | D:2      | Killed from afar by Ijyb

Illustrated notes

Levels and vault maps discovered:
D:1:      heliophobic_arrival_ceremonial_halls, layout_basic,
          ebering_ecumenical_altar_sacrificial, serial_shops,
          nicolae_shop_trees, serial_bayou_crossing
D:2:      layout_basic, uniq_sigmund, uniq_jessica
D:3:      layout_rooms, grunt_ashenzari_visionary
          [grunt_ashenzari_visionary_shoals, grunt_ashenzari_visionary_spider],
          lemuel_doored_altar, gammafunk_ghost_mausoleum,
          minmay_misc_feat_plants, minmay_cupped, uniq_ijyb,
          uniq_crazy_yiuf_cottage, uniq_natasha

Skill      XL: |  1  2  3  4 |
---------------+-------------+-----
Conjurations   | 2 |  2.0
Air Magic      | 5 6 |  6.3
Dodging        | 3 |  3.0
Stealth        | |  2.0
Spellcasting   | |  2.0

Action                   |  1- 3 |  4- 6 || total
-------------------------+-------+-------++-------
Melee: Unarmed           |    13 |       ||    13
       Peck              |     3 |       ||     3
       Kick              |     6 |       ||     6
Throw: Dart              |     2 |       ||     2
 Cast: Shock             |    50 |    12 ||    62
       Static Discharge  |     2 |     7 ||     9
  Use: Scroll            |     4 |     1 ||     5
Armor: Robe              |     1 |     1 ||     2
Dodge: Dodged            |    13 |     5 ||    18

Table legend: (Time is in decaauts)
 A = Elapsed time spent in this place.
 B = Non-inter-level travel time spent in this place.
 C = Inter-level travel time spent in this place.
 D = Time resting spent in this place.
 E = Time spent auto-exploring this place.
 F = Levels seen in this place.
 G = Mean time per level.
                   A        B        C        D        E       F      G
               +--------+--------+--------+--------+--------+-----+--------+
         Total |   4093 |   4085 |      8 |   2214 |   1528 |   3 | 1364.3 |
       Dungeon |   4093 |   4085 |      8 |   2214 |   1528 |   3 | 1364.3 |
               +--------+--------+--------+--------+--------+-----+--------+

Top non-repeatable levels by time:
     D:2: 1974 daAuts
     D:1: 1747 daAuts
     D:3: 371 daAuts
